 Dungeon Crawl Stone Soup version 0.29.1-1-gd02db6906a (webtiles) character file.

Game seed: 1492194288188185096

30608 Ijustatesigmund the Fighter (level 13, 0/88 HPs)
             Began as a Gargoyle Fighter on Sept 22, 2022.
             Was a High Priest of Cheibriados.
             Slain by a sun demon (17 damage)
             ... on level 13 of the Dungeon.
             The game lasted 00:24:23 (16150 turns).

Ijustatesigmund the Fighter (Gargoyle Fighter)     Turns: 16150, Time: 00:24:24

Health: 0/88       AC: 28    Str: 37    XL:     13   Next: 52%
Magic:  16/21      EV: 12    Int: 23    God:    Cheibriados [*****.]
Gold:   362        SH: 13    Dex: 22    Spells: 18/19 levels left

rFire   . . .      SeeInvis .   l - +3 demon whip (venom)
rCold   + . .      Faith    .   c - +2 kite shield
rNeg    + . .      Spirit   .   b - +0 acid dragon scales
rPois   ∞          Reflect  .   g - +2 hat
rElec   +          Harm     .   j - +2 cloak
rCorr   +          Rampage  .   t - +0 pair of gloves of Shadows and Fog {rC+ Will+}
Will    +....                   F - +0 pair of boots
Stlth   +.........              (no amulet)
HPRegen 0.24/turn               n - +4 ring of protection
MPRegen 0.17/turn               y - ring of wizardry

@: weakened, very slow
A: sickness immunity, AC +9, negative energy resistance 1, electricity
resistance, torment resistance 1, petrification resistance
a: Renounce Religion, Bend Time, Temporal Distortion, Slouch, Step From Time


You were on level 13 of the Dungeon.
You worshipped Cheibriados.
Cheibriados was extremely pleased with you.
You visited 2 branches of the dungeon, and saw 14 of its levels.

You collected 721 gold pieces.
You spent 359 gold pieces at shops.

Inventory:

Hand Weapons
 a - a +1 morningstar
 l - a +3 demon whip of venom (weapon)
Missiles
 D - 5 silver javelins (quivered)
 N - a throwing net
Armour
 b - +0 acid dragon scales (worn)
 c - a +2 kite shield (worn)
 g - a +2 hat (worn)
 j - a +2 cloak (worn)
 t - the +0 pair of gloves of Shadows and Fog (worn) {rC+ Will+}
   (You found it on level 7 of the Dungeon)

   rC:        It protects you from cold.
   Will:      It increases your willpower.
 F - a +0 pair of boots (worn)
Jewellery
 d - a ring of fire
 n - a +4 ring of protection (left hand)
 r - a ring of flight
 v - a +6 ring of intelligence
 y - a ring of wizardry (right hand)
 B - the ring "Isayr" {Str+3 Dex+6}
   (You took it off a centaur on level 10 of the Dungeon)

   [ring of dexterity]

   Str:       It affects your strength (+3).
   Dex:       It affects your dexterity (+6).
 C - a ring of protection from fire
 I - an amulet of magic regeneration
Wands
 p - a wand of polymorph (8)
 u - a wand of quicksilver (1)
 G - a wand of flame (5)
 H - a wand of mindburst (6)
 J - a wand of charming (5)
Scrolls
 i - 8 scrolls of identify
 m - 8 scrolls of magic mapping
 o - 4 scrolls of teleportation
 s - 2 scrolls of fear
 w - a scroll of amnesia
 z - 2 scrolls of immolation
 A - a scroll of summoning
 K - a scroll of enchant armour {unknown}
Potions
 e - 5 potions of brilliance
 h - 2 potions of lignification
 k - 6 potions of curing
 q - a potion of might
 x - 2 potions of resistance
 E - a potion of cancellation
 L - 4 potions of flight {unknown}
Miscellaneous
 M - a condenser vane


   Skills:
 + Level 13.1 Fighting
 + Level 11.8 Maces & Flails
 - Level 5.8 Armour
 - Level 3.5 Dodging
 - Level 6.4 Shields
 - Level 3.5 Spellcasting
 - Level 7.0 Conjurations
 + Level 11.1 Invocations
 - Level 4.7 Evocations


You had 18 spell levels left.
You knew the following spells:

 Your Spells              Type           Power      Damage    Failure   Level
a - Magic Dart            Conj           100%       1d8       1%          1

Your spell library contained the following spells:

 Spells                   Type           Power      Damage    Failure   Level
 Searing Ray              Conj           72%        2d7       1%          2
 Foxfire                  Conj/Fire      80%        2x1d8     3%          1
 Shock                    Conj/Air       80%        1d8       3%          1
 Conjure Flame            Conj/Fire      20%        6-21      10%         3
 Necrotise                Necr           16%        1d4       13%         1
 Sting                    Tmut/Pois      16%        1d3       13%         1
 Poisonous Vapours        Pois/Air       8%         N/A       21%         2
 Iskenderun's Battlesphe  Conj           36%        2d9       21%         5
 Flame Wave               Conj/Fire      20%        2d7       30%         4
 Fulminant Prism          Conj/Hex       10%        3d9       30%         4
 Sticky Flame             Conj/Fire      20%        2d4       30%         4
 Gell's Gravitas          Tloc           4%         N/A       36%         3
 Ignite Poison            Fire/Tmut/Pois 4%         N/A       36%         3
 Inner Flame              Hex/Fire       4%         N/A       36%         3
 Lesser Beckoning         Tloc           4%         N/A       36%         3
 Portal Projectile        Hex/Tloc       8%         N/A       36%         3
 Teleport Other           Tloc           4%         N/A       36%         3
 Tukima's Dance           Hex            4%         N/A       36%         3
 Vampiric Draining        Necr           4%         2d6       36%         3
 Fireball                 Conj/Fire      10%        3d6       61%         5
 Lightning Bolt           Conj/Air       10%        1d23      61%         5
 Olgreb's Toxic Radiance  Pois           4%         N/A       75%         4
 Agony                    Necr           4%         N/A       97%         5
 Blade Hands              Tmut           2%         N/A       97%         5
 Conjure Ball Lightning   Conj/Air       10%        3x3d6     99%         6
 Orb of Destruction       Conj           18%        9d8       99%         7
 Death Channel            Necr           2%         N/A       100%        6
 Borgnjor's Revivificati  Necr           2%         N/A       100%        8


Dungeon Overview and Level Annotations

Branches:
Dungeon (13/15)            Temple (1/1) D:6            Lair (0/5) D:8
    Orc (0/2) D:11
 Vaults: D:13-14

Altars:
Ashenzari
Cheibriados
Dithmenos
Elyvilon
Fedhas
Gozag
Hepliaklqana
Makhleb
Nemelex Xobeh
Okawaru
Qazlal
Ru
Sif Muna
Trog
Uskayaw
Vehumet
Wu Jian
Xom
Yredelemnul
Zin
The Shining One

Shops:
D:5 !   D:6 *[   D:9 *

Annotations:
D:5 2 runed translucent doors, Exe's ghost, novice DsBe


Innate Abilities, Weirdness & Mutations

You are immune to sickness and miasma.
Your stone body is resilient. (AC +9)
You are immune to poison.
You resist negative energy. (rN+)
You are resistant to electric shocks. (rElec)
You are resistant to unholy torment.
You are immune to petrification.


Message History

You block the five-headed hydra's attack.
You hit the five-headed hydra.
The five-headed hydra is almost dead.
You whack the five-headed hydra!
You kill the five-headed hydra!
Cheibriados appreciates the change of pace.
You barely miss the sun demon. The sun demon closely misses you.
You whack the sun demon!
The sun demon is moderately wounded.
You completely miss the sun demon.
The sun demon is moderately wounded.
The sun demon hits you but does no damage.
You hit the sun demon.
The sun demon is moderately wounded.
The sun demon hits you but does no damage.
You whack the sun demon!
The sun demon is heavily wounded.
You block the sun demon's attack.
You whack the sun demon!
The sun demon is severely wounded.
The sun demon hits you!
You are engulfed in flames!
You feel your attacks grow feeble.
You closely miss the sun demon.
The sun demon is severely wounded.
You whack the sun demon!
The sun demon is poisoned.
The sun demon is almost dead.
The sun demon closely misses you.
You feel much better. The sun demon hits you!
You are engulfed in flames!!
* * * LOW HITPOINT WARNING * * *
You feel your power leaking away.
You hit the sun demon but do no damage.
The sun demon is almost dead.
The small abomination is no longer absorbing vital energies.
You block the sun demon's attack.
You hit the sun demon but do no damage.
The sun demon is almost dead.
The sun demon hits you.
* * * LOW HITPOINT WARNING * * *
You are engulfed in flames!
You die...

######## ##. .......#
#>. ######.# #.# #.# #.#
#.#### #.# #....# #.#
#####.#### #.# ## #
##.#......# #@##.##
####....#.##.###3#...###
'...............3x......
####....#.##.###.#...###
# #......##.# #.##.##
#.##.####.# #..###
#.##......###..####
#.#######.........#
####.### #..○##'##§....


You could see 2 sun demons and a small abomination.

Vanquished Creatures
  A demonspawn black sun (D:13)
  2 vault guards (D:13)
  3 hydras
  2 centaur warriors (D:13)
  5 two-headed ogres
  Urug (D:10)
  Amaemon (D:8)
  5 skeletal warriors (D:12)
  An ugly thing (D:12)
  2 necromancers (D:13)
  Pikel (D:8)
  A cyclops (D:13)
  A manticore (D:13)
  Joseph (D:7)
  An orange demon (D:8)
  2 unseen horrors (D:12)
  2 yaktaurs (D:13)
  Maggie (D:9)
  3 slime creatures (D:13)
  2 shadows
  28 yaks
  A wyvern (D:10)
  2 wraiths
  2 large abominations (D:13)
  A basilisk (D:13)
  19 humans (D:13)
  Edmund (D:6)
  Menkaure (D:7)
  An acid dragon (D:13)
  3 orc warriors
  A sky beast (D:8)
  A black bear (D:6)
  An ogre (D:6)
  21 centaurs
  2 phantoms
  A kobold brigand (D:8)
  8 bullfrogs
  2 gnoll sergeants
  2 scorpions
  13 wights
  13 killer bees
  8 howler monkeys
  2 hounds
  8 orc priests
  2 jellies
  Crazy Yiuf (D:3)
  A gnoll bouda (D:9)
  10 orc wizards
  11 gnolls
  5 adders
  A white imp (D:7)
  3 worms
  2 dart slugs
  34 orcs
  10 endoplasms
  4 giant cockroaches
  7 goblins
  9 hobgoblins
  10 jackals
  11 kobolds
  3 quokkas
  4 ball pythons
  4 bats
  A rat (D:3)
313 creatures vanquished.

Vanquished Creatures (others)
  6 fungi (D:8)
  20 plants
26 creatures vanquished.

Grand Total: 339 creatures vanquished

Notes
Turn   | Place    | Note
-------+----------+-------------------------------------------
     0 | D:1      | Ijustatesigmund the Gargoyle Fighter began the quest for
                  | the Orb.
     0 | D:1      | Reached XP level 1. HP: 14/14 MP: 1/1
   198 | D:1      | Found a faded altar of an unknown god.
   211 | D:1      | Reached XP level 2. HP: 11/19 MP: 2/2
   800 | D:1      | Reached XP level 3. HP: 24/24 MP: 3/3
  1062 | D:1      | Reached skill level 4 in Fighting
  1270 | D:2      | Identified the +3 mace of Bread {freeze, rElec rF- rC-
                  | Int+6}
  2125 | D:3      | Found a burning altar of Makhleb.
  2180 | D:3      | Found a runed translucent door.
  2182 | D:3      | Noticed Crazy Yiuf
  2190 | D:3      | Killed Crazy Yiuf
  2191 | D:3      | Reached XP level 4. HP: 30/30 MP: 4/4
  2361 | D:3      | Noticed a phantom
  2383 | D:3      | Killed a phantom
  2384 | D:3      | Reached skill level 5 in Fighting
  2384 | D:3      | Reached XP level 5. HP: 28/35 MP: 5/5
  3200 | D:4      | Reached XP level 6. HP: 40/40 MP: 6/6
  3715 | D:4      | Learned a level 1 spell: Magic Dart
  3752 | D:5      | Entered Level 5 of the Dungeon
  3831 | D:5      | Reached skill level 6 in Fighting
  3831 | D:5      | Reached XP level 7. HP: 45/46 MP: 7/7
  3846 | D:5      | Noticed a yak
  3846 | D:5      | Noticed a yak
  3846 | D:5      | Noticed a yak
  3846 | D:5      | Noticed a yak
  3852 | D:5      | Killed a yak
  3852 | D:5      | Noticed a yak
  3853 | D:5      | Reached skill level 5 in Maces & Flails
  3853 | D:5      | Reached skill level 5 in Shields
  3853 | D:5      | Reached skill level 1 in Conjurations
  3858 | D:5      | Killed a yak
  3866 | D:5      | Killed a yak
  3867 | D:5      | Reached XP level 8. HP: 30/52 MP: 8/8
  3885 | D:5      | Killed a yak
  3897 | D:5      | Killed a yak
  3898 | D:5      | Reached skill level 7 in Fighting
  4382 | D:5      | Found a runed translucent door.
  4385 | D:5      | Noticed Exe's ghost (novice DsBe)
  4481 | D:5      | Found Xegricir's Distillery.
  4484 | D:5      | Bought a potion of heal wounds for 60 gold pieces
  4484 | D:5      | Bought a potion of heal wounds for 60 gold pieces
  4484 | D:5      | Bought a potion of lignification for 36 gold pieces
  5194 | D:5      | Found a runed translucent door.
  5782 | D:6      | Reached XP level 9. HP: 40/57 MP: 9/9
  5975 | D:6      | Found Quol's General Store.
  6168 | D:6      | Bought a scroll of teleportation for 33 gold pieces
  6320 | D:6      | Found a staircase to the Ecumenical Temple.
  6320 | D:6      | Noticed Edmund
  6330 | D:6      | Killed Edmund
  6337 | Temple   | Entered the Ecumenical Temple
  6424 | Temple   | Became a worshipper of Cheibriados the Contemplative
  6443 | D:6      | Found a bloodstained altar of Trog.
  6446 | D:6      | Found a sparkling altar of Nemelex Xobeh.
  6448 | D:6      | Found a shadowy altar of Dithmenos.
  6538 | D:6      | Found Qaryt's Antique Armour Shoppe.
  6607 | D:7      | Noticed Joseph
  6935 | D:7      | Identified the +0 pair of gloves of Shadows and Fog {rC+
                  | Will+}
  7084 | D:7      | Reached skill level 8 in Fighting
  7160 | D:7      | Reached skill level 1 in Invocations
  7235 | D:7      | Reached skill level 5 in Armour
  7271 | D:7      | Killed Joseph
  7565 | D:7      | Got the Anthology of Unholy Magic and Damage Dealing
  7619 | D:7      | Noticed Menkaure
  7626 | D:7      | Killed Menkaure
  7986 | D:8      | Reached XP level 10. HP: 55/65 MP: 12/12
  8100 | D:8      | Noticed Amaemon
  8100 | D:8      | Noticed an orange demon
  8120 | D:8      | Killed Amaemon
  8129 | D:8      | Killed an orange demon
  8129 | D:8      | Reached * piety under Cheibriados
  8130 | D:8      | Reached skill level 5 in Invocations
  8427 | D:8      | Noticed Pikel
  8436 | D:8      | Killed Pikel
  8437 | D:8      | Reached skill level 9 in Fighting
  8437 | D:8      | Reached skill level 1 in Dodging
  8539 | D:8      | Found a staircase to the Lair.
  9535 | D:9      | Reached ** piety under Cheibriados
  9611 | D:9      | Found Girasty's Assorted Antiques.
  9621 | D:9      | Bought a scroll labelled LUEZ FILYMOACKOPN for 30 gold
                  | pieces
  9621 | D:9      | Bought a scroll labelled HEAPLU DUUXTYN for 30 gold pieces
  9824 | D:9      | Noticed Maggie
  9842 | D:9      | Killed Maggie
 10157 | D:6      | Bought 2 potions of heal wounds for 110 gold pieces
 10286 | D:9      | Noticed a two-headed ogre
 10296 | D:9      | Reached XP level 11. HP: 59/72 MP: 15/15
 10301 | D:9      | Killed a two-headed ogre
 10304 | D:9      | Reached *** piety under Cheibriados
 10308 | D:9      | Reached skill level 10 in Fighting
 10318 | D:9      | Noticed a two-headed ogre
 10327 | D:9      | Killed a two-headed ogre
 10835 | D:10     | Entered Level 10 of the Dungeon
 10835 | D:10     | Noticed a two-headed ogre
 10844 | D:10     | Killed a two-headed ogre
 10845 | D:10     | Reached skill level 5 in Conjurations
 10925 | D:10     | Noticed Urug
 11083 | D:10     | Killed Urug
 11414 | D:10     | Identified the ring "Isayr" {Str+3 Dex+6}
 11510 | D:10     | Reached **** piety under Cheibriados
 11724 | D:10     | Found a glowing silver altar of Zin.
 11987 | D:10     | Reached skill level 11 in Fighting
 12859 | D:11     | Found a staircase to the Orcish Mines.
 12937 | D:11     | Noticed a two-headed ogre
 12944 | D:11     | Killed a two-headed ogre
 12945 | D:11     | Reached XP level 12. HP: 48/80 MP: 16/18
 13244 | D:11     | Reached skill level 10 in Maces & Flails
 13245 | D:11     | Reached ***** piety under Cheibriados
 13786 | D:12     | Noticed a two-headed ogre
 13796 | D:12     | Killed a two-headed ogre
 14015 | D:12     | Noticed a five-headed hydra
 14022 | D:12     | Killed a five-headed hydra
 14023 | D:12     | Reached skill level 1 in Spellcasting
 14155 | D:12     | Found a sacrificial altar of Ru.
 14917 | D:13     | Noticed a centaur warrior
 14924 | D:13     | Killed a centaur warrior
 15063 | D:13     | Noticed a vault guard
 15069 | D:13     | Reached skill level 12 in Fighting
 15087 | D:13     | Killed a vault guard
 15281 | D:13     | Reached skill level 10 in Invocations
 15281 | D:13     | Reached XP level 13. HP: 86/86 MP: 20/20
 15300 | D:13     | Noticed a vault guard
 15320 | D:13     | Killed a vault guard
 16092 | D:13     | Noticed a demonspawn black sun
 16130 | D:13     | Killed a demonspawn black sun
 16131 | D:13     | Reached skill level 13 in Fighting
 16150 | D:13     | Slain by a sun demon

Illustrated notes

Levels and vault maps discovered:
D:1:      dpeg_arrival_snail, layout_loops_ring, ebering_ecumenical_altar_box,
          nrook_uturn
D:2:      layout_loops_ring, minmay_misc_feat_square
D:3:      layout_basic, lightli_temple_of_fire, uniq_crazy_yiuf_cottage
D:4:      layout_basic
D:5:      layout_basic, serial_shops, kennysheep_mini_moat,
          ebering_ghost_sewer_f, serial_bayou_pond_c
D:6:      layout_cave_pools, nicolae_overflow_hidden_temple,
          minmay_temple_entry_butterflies, serial_shops,
          nicolae_shop_competitors_out_of_business, nicolae_shop_hallway_stairs,
          uniq_edmund
D:7:      layout_basic, uniq_menkaure, uniq_joseph
D:8:      layout_basic, dpeg_oklobed_lair, nicolae_sextant, uniq_amaemon,
          uniq_pikel
D:9:      kennysheep_blocky_hall, layout_basic, serial_shops,
          nicolae_shop_overgrown_old_shop, uniq_maggie
D:10:     layout_basic, mainiacjoe_overflow_surrounded_room,
          kennysheep_flooded_box, kennysheep_generic_room_5, uniq_urug
D:11:     layout_basic, orc_0_dummy
D:12:     layout_basic, hangedman_ru_absence
D:13:     dreamdust_black_sun_cult, layout_loops_corners,
          grunt_vaults_entry_tiered
Temple:   nicolae_temple_bog_church

Skill      XL: |  1  2  3  4  5  6  7  8  9 10 11 12 13 |
---------------+----------------------------------------+-----
Fighting       | 4 5 6 7 8 9 11 12 13 | 13.1
Maces & Flails | 3 4 5 6 7 8 9 10 11 | 11.8
Shields        | 4 5 6 |  6.4
Conjurations   | 2 4 6 7 |  7.0
Armour         | 5 |  5.8
Invocations    | 3 6 8 10 11 | 11.1
Evocations     | 2 4 |  4.7
Dodging        | 2 3 |  3.5
Spellcasting   | 3 |  3.5

Action                   |  1- 3 |  4- 6 |  7- 9 | 10-12 | 13-15 || total
-------------------------+-------+-------+-------+-------+-------++-------
Melee: Flail             |   132 |    90 |       |       |       ||   222
       Mace              |     5 |       |       |       |       ||     5
       Morningstar       |       |    62 |   300 |    20 |       ||   382
       Demon whip        |       |       |       |   598 |   177 ||   775
Throw: Javelin           |       |       |       |       |     1 ||     1
 Cast: Magic Dart        |       |       |       |     5 |     5 ||    10
Invok: Slouch            |       |       |       |     1 |     1 ||     2
       Bend Time         |       |       |       |     1 |       ||     1
Evoke: Wand              |       |       |     1 |     3 |       ||     4
  Use: Scroll            |     3 |     5 |     1 |    10 |       ||    19
       Potion            |       |     1 |     8 |     5 |     2 ||    16
 Stab: Sleeping          |       |       |       |     1 |       ||     1
Armor: Scale mail        |   101 |   112 |   194 |    95 |       ||   502
       Skin              |       |       |     9 |       |       ||     9
       Acid dragon scale |       |       |       |   150 |    79 ||   229
Dodge: Dodged            |   108 |    65 |   112 |   194 |    57 ||   536
Block: Buckler           |    40 |     2 |       |       |       ||    42
       Kite shield       |       |    71 |   164 |   305 |    83 ||   623
